[Event "Team 45 45 League T38"]
[Site "Internet Chess Club"]
[Date "2008.07.31"]
[Round "2"]
[White "Frankly"]
[Black "kai"]
[Result "1-0"]
[WhiteElo "1802"]
[BlackElo "1697"]
[Opening "King's Indian: Four pawns attack"]
[ECO "E76"]
[Time "14:04:26"]
[TimeControl "2700+45"]

1. d4 Nf6 2. c4 g6 3. Nc3 Bg7 4. e4 d6 5. f4 O-O 6. Nf3 c5 7. d5 e6 8. Be2 exd5
9. exd5 Re8 10. O-O Bf5 11. Bd3 Qd7 12. Nb5 a6 13. Bxf5 gxf5 14. Nc3 b5 15. Nd2
b4 16. Ne2 Ne4 17. Qc2 Qe7 18. Re1 Nd7 19. Nf3 Qf6 20. Rb1 a5 21. b3 Nb6 22. Bb2
Nc3 23. Ba1 a4 24. Nxc3 Rxe1+ 25. Rxe1 axb3 26. Qxb3 Ra3 27. Qb1 Rxc3 28. Bxc3
Qxc3 29. Qxf5 Nxc4 30. Re8+ Bf8 31. Qg5+ Qg7 32. Qxg7+ Kxg7 33. Kf2 Nb6 34. Kg3
Nxd5 35. Nh4 Nc3 36. Ra8 Be7 37. Nf5+ Kf6 38. Nxe7 Kxe7 39. Kf3 Ke6 40. g3 d5
41. Ra6+ Kd7 42. Ke3 Nd1+ 43. Kd2 Nc3 44. Kd3 Ne4 45. Kc2 Nd6 46. Kb3 Ke6 47. g4
Kd7 48. h4 d4 49. Kc2 Ke6 50. Kd3 Kd5 51. Ra5 Ne4 52. g5 Nf2+ 53. Ke2 Ne4 54.
Ra7 Nd6 55. h5 Ke4 56. Rd7 Kd5 57. h6 Ke6 58. Rd8 c4 59. Rh8 d3+ 60. Ke3 Nf5+
61. Kd2 Nd4 62. Rxh7 Nf3+ 63. Kd1 c3 64. Rh8 c2+ 65. Kc1 Ng1 66. Rc8 Ne2+ 67.
Kd2 Nc3 68. h7 Nb1+ 69. Kc1 Nc3 70. Rxc3 bxc3 71. h8=Q d2+ 72. Kxc2 {Black
resigns} 1-0

[Event "Team 45 45 League T38"]
[Site "Internet Chess Club"]
[Date "2008.08.03"]
[Round "2"]
[White "NFK"]
[Black "Razorbackchess"]
[Result "1/2-1/2"]
[WhiteElo "1627"]
[BlackElo "1776"]
[Opening "Sicilian defense"]
[ECO "B40"]
[Time "07:00:11"]
[TimeControl "2700+45"]

1. e4 c5 2. Nf3 e6 3. Bb5 a6 4. Be2 Nc6 5. c3 Nf6 6. d3 d5 7. e5 Nd7 8. d4 b5 9.
O-O b4 10. Re1 bxc3 11. bxc3 Be7 12. c4 dxc4 13. Bxc4 cxd4 14. Bb2 Qc7 15. Qe2
Bb4 16. Nbd2 Bxd2 17. Qxd2 Ndxe5 18. Nxe5 Nxe5 19. Bb3 Nc4 20. Qxd4 Nxb2 21.
Qxg7 Rf8 22. Qxb2 Bd7 23. Rac1 Qa5 24. Re5 Qb4 25. Rec5 Ke7 26. R5c4 Qa5 27. Rc5
Qb4 {Game drawn by mutual agreement} 1/2-1/2

[Event "Team 45 45 League T38"]
[Site "Internet Chess Club"]
[Date "2008.07.31"]
[Round "2"]
[White "rubo"]
[Black "BrerRabbit"]
[Result "1-0"]
[WhiteElo "1689"]
[BlackElo "1585"]
[Opening "Bird's opening"]
[ECO "A02"]
[Time "14:01:57"]
[TimeControl "2700+45"]

1. f4 Nf6 2. b3 d5 3. Nf3 Bf5 4. Bb2 e6 5. e3 Be7 6. Be2 O-O 7. O-O h6 8. Ne5 c5
9. Bf3 Be4 10. d3 Bxf3 11. Qxf3 Nc6 12. Nxc6 bxc6 13. Nd2 a5 14. a4 Rb8 15. Rad1
Nd7 16. e4 f5 17. exd5 cxd5 18. Qe2 Rb6 19. Bc3 Rc6 20. Nf3 Bf6 21. Be5 Nxe5 22.
Nxe5 Rb6 23. Rfe1 Qd6 24. Qh5 Bxe5 25. Rxe5 Qd8 26. Rde1 Qe8 27. Qxe8 Rxe8 28.
Rxd5 exd5 29. Rxe8+ Kf7 30. Rc8 c4 31. dxc4 dxc4 32. Rxc4 Rd6 33. Kf2 Rd2+ 34.
Kf3 Ke6 35. h4 h5 36. Rc5 g6 37. Rxa5 Rxc2 38. Re5+ Kd6 39. a5 Rc3+ 40. Re3 Rc2
41. b4 Rb2 42. a6 Rxb4 43. Ra3 Kc6 44. a7 {Black resigns} 1-0

[Event "Team 45 45 League T38"]
[Site "Internet Chess Club"]
[Date "2008.08.03"]
[Round "2"]
[White "MiroslavR"]
[Black "Despair"]
[Result "1-0"]
[WhiteElo "1909"]
[BlackElo "1896"]
[Opening "Queen's pawn: English defense"]
[ECO "A40"]
[Time "07:08:21"]
[TimeControl "2700+45"]

1. d4 b6 2. c4 Bb7 3. Nc3 g6 4. Nf3 Bg7 5. e4 d6 6. Bd3 Nf6 7. O-O O-O 8. Re1
Nbd7 9. h3 e5 10. d5 c6 11. Be3 cxd5 12. cxd5 a6 13. Rc1 Nc5 14. b4 Nxd3 15.
Qxd3 a5 16. b5 Nd7 17. Na4 Nc5 18. Nxc5 dxc5 19. Nd2 Rc8 20. Nc4 f5 21. f3 fxe4
22. fxe4 a4 23. Rcd1 Ra8 24. Rf1 Rf6 25. Rxf6 Bxf6 26. Rf1 Bg7 27. d6 h5 28. d7
Kh7 29. Rf7 Kg8 30. Nd6 Rb8 31. Nxb7 Rxb7 32. Qd5 Rb8 33. Re7+ Kh7 34. Qf7 Qg8
35. Qxg8+ Rxg8 {Black resigns} 1-0

[Event "Team 45 45 League T38"]
[Site "Internet Chess Club"]
[Date "2008.08.05"]
[Round "2"]
[White "jazzpiano"]
[Black "Kalhalla"]
[Result "0-1"]
[WhiteElo "1814"]
[BlackElo "1744"]
[Opening "Pirc: classical system, 5.Be2"]
[ECO "B08"]
[Time "14:31:26"]
[TimeControl "2700+45"]

1. e4 d6 2. d4 Nf6 3. Nc3 g6 4. Nf3 Bg7 5. Be2 O-O 6. Bf4 Nh5 7. Be3 Nf6 8. h3
e5 9. Qd2 Nc6 10. O-O-O Nd7 11. d5 Nb4 12. h4 Nc5 13. h5 f5 14. Bh6 fxe4 15. Nh4
gxh5 16. Bxg7 Kxg7 17. Bxh5 Nba6 18. Qe2 Qg5+ 19. Kb1 Rf6 20. g4 Kh8 21. Rdf1
Bd7 22. Nxe4 Nxe4 23. Qxe4 Rf4 24. Qe3 Bxg4 25. Bxg4 Rxg4 26. Qh3 Rg8 27. Nf3
Qe7 28. Rh2 Nc5 29. Rfh1 R8g7 30. Nh4 Rg1+ 31. Qf1 Rxf1+ 32. Rxf1 Qg5 {White
resigns} 0-1

[Event "Team 45 45 League T38"]
[Site "Internet Chess Club"]
[Date "2008.08.03"]
[Round "2"]
[White "Bega"]
[Black "pelayo"]
[Result "1-0"]
[WhiteElo "1796"]
[BlackElo "1681"]
[Opening "Ruy Lopez: Marshall counter-attack, 11...c6"]
[ECO "C89"]
[Time "10:31:27"]
[TimeControl "2700+45"]

1. e4 e5 2. Nf3 Nc6 3. Bb5 a6 4. Ba4 Nf6 5. O-O Be7 6. Re1 b5 7. Bb3 O-O 8. c3
d5 9. exd5 Nxd5 10. Nxe5 Nxe5 11. Rxe5 c6 12. Bxd5 cxd5 13. d4 Bd6 14. Re1 Qh4
15. g3 Qh3 16. Qf3 Bf5 17. Qg2 Qh5 18. Qxd5 Rae8 19. Be3 Qh3 20. Nd2 Rd8 21. Qg2
Qh5 22. f3 Bh3 23. Qf2 Rfe8 24. Ne4 Bc7 25. Re2 h6 26. Rae1 Qd5 27. Bc1 Bd7 28.
Bxh6 f5 29. Bxg7 Kxg7 30. Nc5 a5 31. Nxd7 Qxd7 32. f4 Kf6 33. Re3 Bb6 34. Qe2 b4
35. Rxe8 {Black resigns} 1-0

[Event "Team 45 45 League T38"]
[Site "Internet Chess Club"]
[Date "2008.08.04"]
[Round "2"]
[White "quotha"]
[Black "parrot9"]
[Result "0-1"]
[WhiteElo "1624"]
[BlackElo "1748"]
[Opening "Sicilian defense"]
[ECO "B30"]
[Time "15:00:07"]
[TimeControl "2700+45"]

1. e4 c5 2. Nf3 Nc6 3. c3 Nf6 4. Bd3 d5 5. e5 Ng4 6. Qe2 g6 7. h3 Nh6 8. Bc2 Bg7
9. d4 cxd4 10. Bxh6 Bxh6 11. cxd4 Qb6 12. Bb3 Nxd4 13. Nxd4 Qxd4 14. Nc3 Bg7 15.
Rd1 Qxe5 16. Nxd5 Qxe2+ 17. Kxe2 O-O 18. Nxe7+ Kh8 19. Rd2 Bh6 20. Nxc8 Bxd2 21.
Nd6 Bf4 22. Nxb7 Rae8+ 23. Kf3 Be5 24. Nc5 Re7 25. Re1 Kg7 26. Rxe5 Rxe5 27. Nd7
Rf5+ {White resigns} 0-1

[Event "Team 45 45 League T38"]
[Site "Internet Chess Club"]
[Date "2008.08.03"]
[Round "2"]
[White "Capamuerte"]
[Black "XelNaga"]
[Result "0-1"]
[WhiteElo "2248"]
[BlackElo "2254"]
[Opening "Van't Kruijs opening"]
[ECO "A00"]
[Time "16:11:43"]
[TimeControl "2700+45"]

1. e3 d5 2. b3 e5 3. d4 e4 4. c4 Nf6 5. Nc3 c6 6. h3 Bd6 7. Nge2 O-O 8. Nf4 Re8
9. Bb2 Bxf4 10. exf4 e3 11. Be2 dxc4 12. fxe3 cxb3 13. axb3 Rxe3 14. O-O Nbd7
15. Bf3 Qb6 16. Qd2 Re8 17. Ra3 Nf8 18. g4 Be6 19. g5 N6d7 20. Na4 Qc7 21. Bg2
Bd5 22. Bxd5 cxd5 23. Nc3 Nb6 24. Qf2 Qd6 25. f5 a6 26. Qf3 Rac8 27. h4 Qb4 28.
Qd3 Rc6 29. Qd2 Rec8 30. Rf3 g6 31. f6 Ne6 32. Rd3 Nc7 33. Kf1 Re6 34. Re3 Rxe3
35. Qxe3 Nb5 36. Na2 Qd6 37. Ra5 Qh2 38. Bc1 Qxh4 39. Kg2 Nd6 40. Qd3 Ne4 41.
Be3 Nxg5 42. Bxg5 Qxg5+ 43. Kf2 Qxf6+ 44. Kg2 Qg5+ 45. Kf3 h5 46. Nc3 Re8 47.
Ne2 Re4 48. Kf2 f5 49. Ra2 Nd7 50. Rc2 Nf6 51. Kf1 Ng4 52. Ke1 Re3 53. Qd2 Qh4+
{White resigns} 0-1

[Event "Team 45 45 League T38"]
[Site "Internet Chess Club"]
[Date "2008.08.02"]
[Round "2"]
[White "tini3blas"]
[Black "cappelo-upgrate"]
[Result "1-0"]
[WhiteElo "2144"]
[BlackElo "2207"]
[Opening "Caro-Kann: classical, Spassky variation"]
[ECO "B19"]
[Time "07:49:22"]
[TimeControl "2700+45"]

1. e4 c6 2. d4 d5 3. Nd2 dxe4 4. Nxe4 Bf5 5. Ng3 Bg6 6. h4 h6 7. Nf3 Nd7 8. h5
Bh7 9. Bd3 Bxd3 10. Qxd3 Ngf6 11. Bf4 e6 12. O-O-O Be7 13. Kb1 O-O 14. Ne4 Nxe4
15. Qxe4 Nf6 16. Qe2 Qd5 17. Ne5 Qe4 18. Qxe4 Nxe4 19. Rhe1 Nf6 20. g4 a5 21. c3
a4 22. Bg3 a3 23. b3 Rfd8 24. Kc2 c5 25. dxc5 Bxc5 26. b4 Bd6 27. Nxf7 Kxf7 28.
Bxd6 Nxg4 29. c4 Rd7 30. Rd3 Rad8 31. c5 Nf6 32. Re5 Ne8 33. Rf3+ Nf6 34. Rxa3
Rc8 35. Kb2 Nd5 36. Rf3+ Kg8 37. a3 Rf7 38. Rxf7 Kxf7 39. b5 Kf6 40. Re1 Re8 41.
Be5+ Kg5 42. Rg1+ Kxh5 43. Rxg7 {Black resigns} 1-0

[Event "Team 45 45 League T38"]
[Site "Internet Chess Club"]
[Date "2008.08.04"]
[Round "2"]
[White "PandorasBox"]
[Black "alegro"]
[Result "1-0"]
[WhiteElo "2079"]
[BlackElo "1989"]
[Opening "French: Albin-Alekhine-Châtard attack, Breyer variation"]
[ECO "C13"]
[Time "17:02:24"]
[TimeControl "2700+45"]

1. d4 e6 2. e4 d5 3. Nc3 Nf6 4. Bg5 Be7 5. e5 Nfd7 6. h4 c5 7. Bxe7 Kxe7 8. f4
Nc6 9. dxc5 Nxc5 10. Qg4 Kf8 11. O-O-O h5 12. Qg5 Bd7 13. Nf3 a6 14. Be2 b5 15.
f5 b4 16. f6 gxf6 17. exf6 Rg8 18. Qh6+ Ke8 19. Nxd5 exd5 20. Rxd5 Ne6 21. Rhd1
Ra7 22. Ng5 Nf4 23. Bxh5 Nxh5 24. Re1+ {Black resigns} 1-0

[Event "Team 45 45 League T38"]
[Site "Internet Chess Club"]
[Date "2008.07.31"]
[Round "2"]
[White "f5"]
[Black "Zkid"]
[Result "1/2-1/2"]
[WhiteElo "2197"]
[BlackElo "2180"]
[Opening "Dutch"]
[ECO "A80"]
[Time "23:58:39"]
[TimeControl "2700+45"]

1. d4 f5 2. Nc3 d5 3. Bg5 g6 4. e3 Bg7 5. h4 c6 6. Bd3 Nf6 7. h5 Ne4 8. Bf4 Nd7
9. hxg6 hxg6 10. Rxh8+ Bxh8 11. Qf3 Qb6 12. O-O-O Ndf6 13. Qh3 Bg7 14. f3 Kf7
15. Qh4 Nxc3 16. bxc3 Bd7 17. Nh3 Rh8 18. Qe1 c5 19. Kd2 c4 20. Be2 Qa5 21. Rb1
b6 22. Be5 Bh6 23. Nf4 g5 24. Nh5 Kg6 25. g4 fxg4 26. Bxf6 exf6 27. fxg4 Bf8 28.
Qh1 Be6 29. Rf1 Be7 30. e4 dxe4 31. Qxe4+ Kf7 32. Re1 Qd5 33. Qe3 Qg2 34. Kc1
Ba3+ 35. Kb1 Bxg4 36. Bxc4+ Kg6 37. Nxf6 Bf5 38. Bb3 Qh3 39. Qxh3 Rxh3 40. Nd5
Be4 41. Ne3 Rxe3 42. Rxe3 Kf5 43. Bd5 Bxd5 44. Re5+ Kf4 45. Rxd5 g4 46. Rd7 a6
47. c4 g3 48. Rg7 Kf3 49. c3 g2 {Game drawn by mutual agreement} 1/2-1/2

[Event "Team 45 45 League T38"]
[Site "Internet Chess Club"]
[Date "2008.08.02"]
[Round "2"]
[White "cocio"]
[Black "gyoung"]
[Result "0-1"]
[WhiteElo "2158"]
[BlackElo "2258"]
[Opening "Sicilian: accelerated fianchetto, Maróczy bind, 5...Bg7"]
[ECO "B37"]
[Time "12:16:05"]
[TimeControl "2700+45"]

1. e4 c5 2. Nf3 Nc6 3. d4 cxd4 4. Nxd4 g6 5. c4 Bg7 6. Nc2 Nf6 7. Nc3 d6 8. Be2
O-O 9. Bd2 a5 10. O-O Be6 11. Ne3 Nd7 12. Rc1 Nc5 13. f3 Qb6 14. b3 Bd4 15. Kh1
Nxe4 16. Ncd5 Nxd2 17. Nxb6 Nxf1 18. Nxf1 Bxb6 19. Bd3 Nb4 20. a3 Nxd3 21. Qxd3
Bc5 22. a4 Bf5 23. Qe2 Rfe8 24. Ne3 Be6 25. Rd1 b6 26. Nc2 Bd7 27. Nd4 e6 28.
Rd3 d5 29. cxd5 exd5 30. Qd1 Re7 31. Nc2 Bc6 32. h4 Rae8 33. Kh2 h5 34. Nd4 Bd6+
35. g3 Bb7 36. Rd2 Re1 37. Qc2 Bc5 38. Qb2 R8e3 39. Kg2 Ba6 40. Nb5 Bxb5 41.
axb5 d4 42. Kh3 Rxf3 43. Rxd4 Bxd4 44. Qxd4 Re6 45. Qd8+ Kg7 46. Qd4+ Kh7 47.
Qd7 Ree3 48. Kh2 Rxb3 49. Qc6 a4 50. Qa8 a3 51. Qa7 Rb2+ 52. Kh3 Rf1 {White
resigns} 0-1

[Event "Team 45 45 League T38"]
[Site "Internet Chess Club"]
[Date "2008.08.03"]
[Round "2"]
[White "palito"]
[Black "elnik"]
[Result "1-0"]
[WhiteElo "2134"]
[BlackElo "1987"]
[Opening "English, 1...Nf6 (Anglo-Indian defense)"]
[ECO "A15"]
[Time "04:05:42"]
[TimeControl "2700+45"]

1. c4 Nf6 2. g3 g6 3. Bg2 Bg7 4. Nc3 d6 5. d3 O-O 6. e4 e5 7. Nge2 Nc6 8. O-O
Be6 9. Nd5 Ne7 10. Bg5 Nfxd5 11. cxd5 Bd7 12. Qb3 Rb8 13. Rac1 c5 14. Qa3 f6 15.
Bd2 a6 16. b4 b6 17. Qxa6 Ra8 18. Qc4 Ra4 19. Ra1 Qc7 20. a3 Rfa8 21. Qb3 Qa7
22. bxc5 bxc5 23. Rfb1 Kf7 24. Bc1 Qc7 25. Qb7 R4a7 26. Qxc7 Rxc7 27. Nc3 Ra5
28. Rb8 c4 29. dxc4 Rxc4 30. Rd8 Ra7 31. Be3 Rb7 32. Na2 Nc8 33. Bf1 Rxe4 34.
Rc1 Ra4 35. Rxd7+ Rxd7 {Black resigns} 1-0

[Event "Team 45 45 League T38"]
[Site "Internet Chess Club"]
[Date "2008.08.04"]
[Round "2"]
[White "deathmage"]
[Black "chiiwen"]
[Result "0-1"]
[WhiteElo "1662"]
[BlackElo "2052"]
[Opening "Fred"]
[ECO "B00"]
[Time "19:01:08"]
[TimeControl "2700+45"]

1. e4 f5 2. exf5 Nf6 3. Nc3 d5 4. d4 Bxf5 5. Nf3 e6 6. Bd3 Bd6 7. O-O O-O 8. Re1
c6 9. Ne5 Nbd7 10. Nxd7 Qxd7 11. Bg5 Rae8 12. Bxf6 Rxf6 13. Bxf5 Rxf5 14. g3 e5
15. dxe5 Bxe5 16. Qd2 Ref8 17. f4 Bd6 18. a3 Qf7 19. h4 Qg6 20. Qg2 Qf7 21. Qe2
Rf6 22. Rad1 Rg6 23. Kh2 Rxg3 24. Kxg3 Qxf4+ 25. Kh3 Qg3# {White checkmated} 0-1

[Event "Team 45 45 League T38"]
[Site "Internet Chess Club"]
[Date "2008.08.03"]
[Round "2"]
[White "CMerli"]
[Black "zenith"]
[Result "1/2-1/2"]
[WhiteElo "2339"]
[BlackElo "2225"]
[Opening "English, Kramnik-Shirov counterattack"]
[ECO "A21"]
[Time "15:17:42"]
[TimeControl "2700+45"]

1. c4 e5 2. Nc3 Bb4 3. Nd5 Be7 4. d4 d6 5. e4 Nf6 6. Nxe7 Qxe7 7. f3 Nh5 8. Be3
f5 9. dxe5 Qxe5 10. c5 dxc5 11. Qb3 Nc6 12. Bc4 Nd4 13. Bf7+ Ke7 14. Bxd4 cxd4
15. Bxh5 g6 16. Ne2 gxh5 17. O-O Rd8 18. Rae1 d3 19. Nc3 Kf8 20. exf5 Qc5+ 21.
Kh1 Bxf5 22. Ne4 Qb6 23. Qc3 Rd4 24. Nd2 Rad8 25. Re3 Bg6 26. Nb3 R4d5 27. Rfe1
Kg8 28. Re7 Bf7 29. Qd2 R8d7 30. Qf4 Qg6 31. Rxd7 Rxd7 32. Nd2 Qd6 {Game drawn
by mutual agreement} 1/2-1/2

[Event "Team 45 45 League T38"]
[Site "Internet Chess Club"]
[Date "2008.08.03"]
[Round "2"]
[White "killer21"]
[Black "Superjem"]
[Result "1-0"]
[WhiteElo "2293"]
[BlackElo "2263"]
[Opening "Sicilian: accelerated fianchetto, Maróczy bind, 6.Be3"]
[ECO "B38"]
[Time "10:29:15"]
[TimeControl "2700+45"]

1. e4 c5 2. Nf3 Nc6 3. d4 cxd4 4. Nxd4 g6 5. c4 Bg7 6. Be3 Nf6 7. Nc3 O-O 8. Be2
d6 9. O-O Bd7 10. Rc1 Nxd4 11. Bxd4 Bc6 12. f3 a5 13. Qd2 Nd7 14. Be3 Nc5 15.
Rfd1 Qb6 16. b3 Rfc8 17. Nd5 Qd8 18. Bg5 f6 19. Bf4 Nd7 20. Bf1 Kf7 21. Qf2 Nc5
22. Nxe7 Qxe7 23. Bxd6 Nxe4 24. fxe4 Qxe4 25. Re1 Qg4 26. c5 Bd5 27. Rcd1 Be6
28. Rd4 Qf5 29. Rf4 Qg5 30. Rxe6 Kxe6 31. Qe3+ Kd5 32. Qe4# {Black checkmated}
1-0

[Event "Team 45 45 League T38"]
[Site "Internet Chess Club"]
[Date "2008.08.04"]
[Round "2"]
[White "Sleete"]
[Black "gezira"]
[Result "0-1"]
[WhiteElo "2108"]
[BlackElo "2242"]
[Opening "Sicilian: Boleslavsky variation"]
[ECO "B58"]
[Time "17:00:42"]
[TimeControl "2700+45"]

1. e4 c5 2. Nf3 d6 3. d4 cxd4 4. Nxd4 Nf6 5. Nc3 Nc6 6. Be2 e5 7. Nf3 h6 8. O-O
Be7 9. Re1 O-O 10. h3 Be6 11. Bf1 Nb8 12. b3 Nbd7 13. Qd2 Qc7 14. Bb2 Nc5 15. a4
a6 16. b4 Ncd7 17. a5 Rfd8 18. Nd5 Nxd5 19. exd5 Bf5 20. c4 Nf6 21. Bd3 Bxd3 22.
Qxd3 Rac8 23. Rac1 Qd7 24. Qb3 Qf5 25. Rcd1 Nd7 26. Re2 Nf8 27. Rde1 Ng6 28. Bc1
Rc7 29. Be3 Rdc8 30. Rc2 Nf4 31. Bxf4 Qxf4 32. Nd2 Qf5 33. Rc3 Qh5 34. b5 axb5
35. Qxb5 Qh4 36. Nf3 Qf6 37. Qb3 Bd8 38. Nd2 Qe7 39. Qb4 f5 40. Rg3 Rc5 41. Ra1
e4 42. Rga3 Qc7 43. Rb1 Qd7 44. Ra2 R8c7 45. Qa3 Bg5 46. Rb6 Qe7 47. Nf1 Rxc4
48. Qxd6 Qxd6 49. Rxd6 Rd4 50. a6 bxa6 51. Ra1 Rc5 52. Raxa6 Rd1 53. Rac6 Rb5
54. Rg6 Rbb1 55. Kh2 Rxf1 {White resigns} 0-1

[Event "Team 45 45 League T38"]
[Site "Internet Chess Club"]
[Date "2008.08.02"]
[Round "2"]
[White "alin"]
[Black "FiendAngelical"]
[Result "1-0"]
[WhiteElo "2028"]
[BlackElo "1993"]
[Opening "Sicilian: Grand Prix attack"]
[ECO "B23"]
[Time "14:02:35"]
[TimeControl "2700+45"]

1. e4 c5 2. Nc3 Nc6 3. f4 g6 4. Nf3 Bg7 5. Bc4 e6 6. d3 Nge7 7. O-O d5 8. Bb3
O-O 9. Qe1 Na5 10. Bd2 Nxb3 11. axb3 Nc6 12. Qg3 c4 13. bxc4 dxc4 14. dxc4 Qb6+
15. Qf2 Qxb2 16. Ra2 Qb4 17. Rb1 Qe7 18. e5 a6 19. Be3 Qc7 20. Bb6 Qb8 21. Ne4
f6 22. Bc5 Rf7 23. Qh4 g5 24. Qh5 h6 25. Qg6 fxe5 26. fxg5 {Black resigns} 1-0

[Event "Team 45 45 League T38"]
[Site "Internet Chess Club"]
[Date "2008.08.03"]
[Round "2"]
[White "Monsoon-Smith"]
[Black "kingcapture"]
[Result "0-1"]
[WhiteElo "2099"]
[BlackElo "2268"]
[Opening "King's Indian: fianchetto, classical variation, 8.e4"]
[ECO "E68"]
[Time "13:00:28"]
[TimeControl "2700+45"]

1. d4 Nf6 2. c4 g6 3. Nf3 Bg7 4. g3 d6 5. Bg2 O-O 6. O-O Nbd7 7. Nc3 e5 8. e4
exd4 9. Nxd4 Re8 10. Re1 a6 11. h3 Rb8 12. a4 a5 13. Be3 Nc5 14. Qc2 Na6 15.
Rad1 c6 16. f4 Qc7 17. Qd2 Nc5 18. Bf2 Re7 19. g4 h6 20. Bg3 Ne8 21. f5 g5 22.
h4 Be5 23. Bxe5 dxe5 24. Ndb5 cxb5 25. Nd5 Qd6 26. hxg5 Rd7 27. gxh6 bxc4 28.
Qg5+ Kh7 29. f6 Qe6 30. Ne7 Rxe7 31. fxe7 Nd3 32. Rf1 f6 33. Qh5 Qxe7 34. g5 Be6
35. g6+ Kh8 36. b3 Nf4 37. Rxf4 exf4 38. bxc4 Rd8 39. Rxd8 Qxd8 40. c5 Qd4+ 41.
Kh2 Qxa4 42. e5 f5 43. g7+ Kh7 44. c6 f3 45. cxb7 Qf4+ 46. Kh3 fxg2 47. Kxg2
Bd5+ 48. Kh3 Qg4+ 49. Qxg4 fxg4+ 50. Kxg4 Bxb7 {White resigns} 0-1

[Event "Team 45 45 League T38"]
[Site "Internet Chess Club"]
[Date "2008.08.03"]
[Round "2"]
[White "izit"]
[Black "Kolibri"]
[Result "1-0"]
[WhiteElo "2238"]
[BlackElo "2105"]
[Opening "Sicilian: Najdorf, Byrne (English) attack"]
[ECO "B90"]
[Time "15:31:39"]
[TimeControl "2700+45"]

1. e4 c5 2. Nf3 d6 3. d4 cxd4 4. Nxd4 Nf6 5. Nc3 a6 6. Be3 Ng4 7. Bg5 h6 8. Bh4
g5 9. Bg3 Bg7 10. Be2 h5 11. h4 Qb6 12. Nb3 Qb4 13. hxg5 Bxc3+ 14. bxc3 Qxe4 15.
f3 Qe3 16. Qd4 Qxd4 17. cxd4 Ne3 18. Kd2 Nf5 19. Bf2 h4 20. g4 Ng7 21. Bxh4 Ne6
22. Ke3 Rg8 23. f4 d5 24. Bf3 Nc7 25. f5 Nc6 26. Bg3 Nb5 27. Bxd5 Nb4 28. Be4
Nc3 29. Rh2 Nxe4 30. Kxe4 Bd7 31. c4 e6 32. Bd6 Nc6 33. d5 Nd8 34. Rh7 Rc8 35.
Kd4 b5 36. Nc5 bxc4 37. g6 Rxc5 38. Bxc5 e5+ 39. Kxe5 Nb7 40. gxf7+ {Black
resigns} 1-0

[Event "Team 45 45 League T38"]
[Site "Internet Chess Club"]
[Date "2008.08.03"]
[Round "2"]
[White "Holzschlange"]
[Black "jonesey"]
[Result "1/2-1/2"]
[WhiteElo "1918"]
[BlackElo "1928"]
[Opening "Dunst (Sleipner, Heinrichsen) opening"]
[ECO "A00"]
[Time "13:01:17"]
[TimeControl "2700+45"]

1. Nc3 d5 2. e4 d4 3. Nce2 e5 4. Ng3 Be6 5. Nf3 Nd7 6. Bb5 c6 7. Ba4 Qa5 8. Bb3
Bxb3 9. cxb3 Qa6 10. d3 Bb4+ 11. Ke2 Ne7 12. Qc2 Qa5 13. a3 Bd6 14. Bg5 f6 15.
Bd2 Qc7 16. Nh4 O-O-O 17. Rhc1 {Game drawn by mutual agreement} 1/2-1/2

[Event "Team 45 45 League T38"]
[Site "Internet Chess Club"]
[Date "2008.08.02"]
[Round "2"]
[White "iwulu"]
[Black "SiNsUaT12"]
[Result "0-1"]
[WhiteElo "2396"]
[BlackElo "2344"]
[Opening "Réti opening"]
[ECO "A30"]
[Time "23:11:58"]
[TimeControl "2700+45"]

1. Nf3 c5 2. c4 d6 3. g3 Nf6 4. Bg2 g6 5. b3 Bg7 6. Bb2 O-O 7. O-O Nbd7 8. Nc3
a6 9. a4 Rb8 10. Qc2 b6 11. Rfd1 Bb7 12. Rac1 Qc7 13. e3 e6 14. d4 cxd4 15. Nxd4
Bxg2 16. Kxg2 Rfc8 17. Qe2 e5 18. Nf3 Nc5 19. Qc2 e4 20. Nd4 Nd3 21. Rxd3 exd3
22. Qxd3 Qb7+ 23. e4 Nxe4 24. Nxe4 f5 25. Re1 Re8 26. f3 fxe4 27. Rxe4 Rxe4 28.
Qxe4 Qxe4 29. fxe4 Bxd4 30. Bxd4 b5 31. cxb5 axb5 32. a5 Ra8 33. b4 Kf7 34. Kf3
Ke6 35. Kf4 Kd7 36. Ke3 Kc6 37. Kd3 Rf8 38. Ke2 g5 39. h3 h5 40. Be3 g4 41. hxg4
hxg4 42. Bf4 Rh8 43. Kd3 Rh1 44. Bd2 Rf1 45. Ke2 Rf3 46. Be1 Kd7 47. Kd2 Ke6 48.
Ke2 Ke5 {White resigns} 0-1

[Event "Team 45 45 League T"]
[Site "Internet Chess Club"]
[Date "2008.07.30"]
[Round ""]
[White "Uwak"]
[Black "DeepStudy"]
[Result "1/2-1/2"]
[WhiteElo "2131"]
[BlackElo "2104"]
[Opening "Alekhine's defense: four pawns attack, 7.Be3"]
[ECO "B03"]
[Time "20:03:13"]
[TimeControl "2700+45"]

1. e4 Nf6 2. e5 Nd5 3. d4 d6 4. c4 Nb6 5. f4 dxe5 6. fxe5 Nc6 7. Be3 Bf5 8. Nc3
e6 9. Nf3 Bg4 10. Qd2 Qd7 11. Be2 O-O-O 12. O-O-O Bb4 13. Qc2 Bf5 14. Qb3 Be7
15. c5 Nd5 16. Nxd5 Qxd5 17. Qxd5 Rxd5 18. a3 Rhd8 19. b4 Be4 20. Kb2 a6 21. Kc3
h6 22. a4 a5 23. bxa5 Nxa5 24. Nd2 Bf5 25. Nc4 Nxc4 26. Bxc4 R5d7 27. Rd2 c6 28.
a5 Kc7 29. Ra1 Ra8 30. Rda2 Ra7 31. a6 Be4 32. Rb2 bxa6 33. Rxa6 Kc8 34. Rab6
Ra3+ 35. Kd2 Rda7 36. Rb8+ Kc7 37. Re8 Kd7 38. Rg8 g5 39. g3 Bd8 40. Rb8 Bc7 41.
Rbf8 Ke7 42. Re8+ Kd7 43. Bxe6+ fxe6 44. Ref8 Ra2+ 45. Ke1 Ra1+ 46. Ke2 R1a2+
47. Bd2 Ke7 48. Re8+ Kf7 49. Ref8+ Ke7 50. Re8+ Kf7 {Game drawn by mutual
agreement} 1/2-1/2

[Event "Team 45 45 League T38"]
[Site "Internet Chess Club"]
[Date "2008.08.01"]
[Round "2"]
[White "JCMDonet"]
[Black "Gregorio"]
[Result "1-0"]
[WhiteElo "1923"]
[BlackElo "2093"]
[Opening "KGD: Falkbeer, Rubinstein variation"]
[ECO "C32"]
[Time "23:18:27"]
[TimeControl "2700+45"]

1. e4 e5 2. f4 d5 3. exd5 e4 4. Nc3 Nf6 5. Qe2 Bc5 6. d3 O-O 7. dxe4 Re8 8. Qc4
b6 9. Bd3 Ba6 10. Qb3 Bxd3 11. cxd3 c6 12. Nge2 cxd5 13. d4 Nxe4 14. Nxe4 Rxe4
15. dxc5 Nc6 16. O-O Rxe2 17. Qd3 Re4 18. Be3 Qf6 19. cxb6 axb6 20. Rac1 Nb4 21.
Qb3 Rae8 22. Bf2 Rxf4 23. a3 Na6 24. Qb5 Nc5 25. Qxe8# {Black checkmated} 1-0

[Event "Team 45 45 League T38"]
[Site "Internet Chess Club"]
[Date "2008.08.01"]
[Round "2"]
[White "manest"]
[Black "specialxtr"]
[Result "1-0"]
[WhiteElo "2401"]
[BlackElo "2360"]
[Opening "Sicilian: Smith-Morra gambit"]
[ECO "B21"]
[Time "21:05:36"]
[TimeControl "2700+45"]

1. e4 c5 2. d4 cxd4 3. c3 d5 4. exd5 Qxd5 5. cxd4 Nc6 6. Nf3 Bg4 7. Nc3 Qa5 8.
d5 Ne5 9. Be2 Bxf3 10. Bxf3 Nxf3+ 11. Qxf3 Qa6 12. Bf4 Rc8 13. O-O-O Nf6 14.
Rhe1 Rc4 15. Kb1 Rg8 16. Be5 Nd7 17. Bg3 Qf6 18. Qe2 Rc8 19. Ne4 Qf5 20. Ka1 Ne5
21. d6 Rc6 22. Qb5 {Black resigns} 1-0

[Event "Team 45 45 League T38"]
[Site "Internet Chess Club"]
[Date "2008.08.05"]
[Round "2"]
[White "fllinc"]
[Black "therealwizard"]
[Result "0-1"]
[WhiteElo "1992"]
[BlackElo "2174"]
[Opening "Two knights defense"]
[ECO "C59"]
[Time "20:00:57"]
[TimeControl "2700+45"]

1. e4 e5 2. Nf3 Nc6 3. Bc4 Nf6 4. Ng5 d5 5. exd5 Na5 6. Bb5+ c6 7. dxc6 bxc6 8.
Be2 h6 9. Nf3 e4 10. Ne5 Bd6 11. d4 Qc7 12. Bf4 O-O 13. Nc3 Rb8 14. Qc1 c5 15.
a3 cxd4 16. Nb5 Rxb5 17. Bxb5 Bxe5 18. Bxh6 gxh6 19. Qxh6 Ng4 20. Qg5+ Bg7 21.
h3 Nxf2 22. Kxf2 Qxc2+ 23. Kg1 a6 24. Bf1 Qxb2 25. Re1 d3 26. Qxa5 Qd4+ 27. Kh2
Be5+ 28. g3 Qf2+ {White resigns} 0-1